 Dungeon Crawl Stone Soup version 0.28-a0-969-g2dcde036d2 (webtiles) character file.

Game seed: 2672308558947279331

3284 GregHouse the Cleaver (level 10, -7/86 HPs)
             Began as a Hill Orc Monk on Dec 1, 2021.
             Was a Believer of Beogh.
             Mangled by a vampire (8 damage)
             ... on level 10 of the Dungeon.
             The game lasted 01:03:33 (12491 turns).

GregHouse the Cleaver (Hill Orc Monk)              Turns: 12491, Time: 01:03:34

Health: -7/86      AC: 14    Str: 19    XL:     10   Next: 0%
Magic:  12/12      EV:  4    Int: 10    God:    Beogh [**....]
Gold:   463        SH: 15    Dex: 13    Spells: 9/9 levels left

rFire   . . .      SeeInvis .   z - +5 war axe (freeze)
rCold   . . .      Faith    .   d - +1 tower shield
rNeg    . . .      Spirit   .   m - +0 chain mail
rPois   .          Reflect  .   h - +1 helmet
rElec   .          Harm     .   r - +0 cloak
rCorr   .          Rampage  .   (no gloves)
Will    .....                   (no boots)
Stlth   ..........              (no amulet)
HPRegen 0.24/turn               (no ring)
MPRegen 0.13/turn               (no ring)

@: mighty, about to teleport
A: no striking features
a: Renounce Religion, Smiting


You were on level 10 of the Dungeon.
You worshipped Beogh.
Beogh was pleased with you.
You visited 1 branch of the dungeon, and saw 10 of its levels.

You collected 486 gold pieces.
You spent 23 gold pieces at shops.

Inventory:

Hand Weapons
 b - a +3 mace of draining
 z - a +5 war axe of freezing (weapon)
Missiles
 k - 61 poisoned darts (quivered)
 t - 57 bolts
 v - 142 arrows
Armour
 d - a +1 tower shield (worn)
 h - a +1 helmet (worn)
 m - a +0 chain mail (worn)
 r - a +0 cloak (worn)
 x - a +3 ring mail
Jewellery
 l - a ring of see invisible
 s - a ring of fire
 u - a ring of willpower
 y - a ring of ice
Wands
 i - a wand of flame (7)
Scrolls
 n - a scroll of identify
Potions
 c - 2 potions of curing
 e - a potion of brilliance {unknown}
 f - 2 potions of degeneration
 j - a potion of mutation
 w - a potion of invisibility {unknown}


   Skills:
 + Level 7.2 Fighting
 + Level 8.0(9.8) Axes
 + Level 6.9(8.2) Maces & Flails
 + Level 2.2(4.8) Polearms
 + Level 7.1 Armour
 - Level 2.4 Dodging
 + Level 2.5 Stealth
 + Level 5.8 Shields
 * Level 3.0 Invocations
 - Level 0.2 Evocations


You had 9 spell levels left.
You didn't know any spells.
Your spell library contained the following spells:

 Spells                   Type           Power      Damage    Failure   Level
 Apportation              Tloc           0%         N/A       100%        1
 Freeze                   Ice            0%         1d3       100%        1
 Ensorcelled Hibernation  Hex/Ice        0%         N/A       100%        2
 Conjure Flame            Conj/Fire      0%         6-21      100%        3
 Frozen Ramparts          Ice            0%         1d2       100%        3
 Ignite Poison            Fire/Tmut/Pois 0%         N/A       100%        3
 Summon Guardian Golem    Hex/Summ       0%         N/A       100%        3
 Tukima's Dance           Hex            0%         N/A       100%        3
 Hailstorm                Conj/Ice       0%         3d3       100%        4
 Passage of Golubria      Tloc           0%         N/A       100%        4
 Sticky Flame             Conj/Fire      0%         2d3       100%        4
 Alistair's Intoxication  Tmut/Pois      0%         N/A       100%        5
 Yara's Violent Unravell  Hex/Tmut       0%         3d3       100%        5
 Orb of Destruction       Conj           0%         N/A       100%        7
 Spellforged Servitor     Conj/Summ      0%         N/A       100%        7


Dungeon Overview and Level Annotations

Branches:
Dungeon (10/15)            Temple (0/1) D:5
   Lair: D:8-11         Orc: D:9-12

Altars:
Cheibriados
Fedhas

Shops:
D:4 [((   D:7 *

Annotations:
D:3 exclusion: upstairs
D:5 exclusion: downstairs
D:6 exclusion: Sigmund
D:7 exclusions: 2 downstairs and upstairs


Message History

The vampire hits you but does no damage.
The vampire barely misses you.
The vampire gestures wildly while chanting.
The vampire flickers and vanishes!
Deactivating autopickup; reactivate with Ctrl-A.
Found a pair of boots.
Something hits you but does no damage. Something bites you but does no damage.
You slash something! Something hits you but does no damage.
Something bites you!
Something draws strength from your injuries!
You feel less confused. Something hits you. Something bites you!
Something draws strength from your injuries!
Something hits you! Something bites you.
Something draws strength from your injuries!
You hit something but do no damage. Something hits you.
You block something's attack. Something hits you!
* * * LOW HITPOINT WARNING * * *
Something bites you but does no damage.
You feel very mighty all of a sudden. Something hits you but does no damage.
Something bites you but does no damage.
You hit something. You freeze something.
You hear some strange, mumbled words.
Something tries to affect you, but you resist.
You miss something. Something hits you.
* * * LOW HITPOINT WARNING * * *
Something bites you but does no damage. Something hits you.
* * * LOW HITPOINT WARNING * * *
Something bites you but does no damage.
You miss something. You block something's attack. Something bites you!
* * * LOW HITPOINT WARNING * * *
Something draws strength from your injuries!
You closely miss something. Something hits you but does no damage.
Something bites you but does no damage.
Okay, then.
As you read the scroll of teleportation, it crumbles to dust.
You feel strangely unstable. Something hits you.
* * * LOW HITPOINT WARNING * * *
Something bites you!
You die...

##. ..### #.......
...... ###......
....# ##.......
...### #
#.......####.....#
#.##.$..............#
.............<.......
...............)...##
........@..........##
.......{..[.........#
...............####..
.....(.........# #
..................
...................
.................##
.................#
.................#


There were no monsters in sight!

Vanquished Creatures
  Maurice (D:8)
  Grinder (D:2)
  Sigmund (D:6)
  A wraith (D:8)
  A wyvern (D:8)
  An acid dragon (D:8)
  3 orc warriors
  A water moccasin (D:9)
  A hornet zombie (D:8)
  A sky beast (D:6)
  An ogre (D:4)
  A phantom (D:5)
  Blork the orc (D:6)
  4 bullfrogs
  2 water moccasin skeletons (D:5)
  3 wights
  3 electric eels (D:8)
  2 centaur zombies (D:8)
  A hound (D:4)
  A jelly (D:3)
  A bullfrog skeleton (D:4)
  4 orc priests
  Jessica (D:3)
  5 iguanas
  7 orc wizards
  A killer bee zombie (D:7)
  Robin (D:2)
  A howler monkey zombie (D:8)
  3 adders
  A shadow imp (D:8)
  A white imp (D:7)
  3 worms (D:2)
  23 orcs
  6 ball pythons
  6 endoplasms
  3 giant cockroaches
  13 goblins
  11 hobgoblins
  8 kobolds
  4 quokkas
  3 bats
  9 frilled lizards
  6 rats
152 creatures vanquished.

Vanquished Creatures (others)
  7 plants (D:4)
7 creatures vanquished.

Grand Total: 159 creatures vanquished

Notes
Turn   | Place    | Note
-------+----------+-------------------------------------------
     0 | D:1      | GregHouse the Hill Orc Monk began the quest for the Orb.
     0 | D:1      | Reached XP level 1. HP: 19/19 MP: 1/1
   309 | D:1      | Reached XP level 2. HP: 27/27 MP: 2/2
   790 | D:2      | Reached skill level 5 in Axes
   790 | D:2      | Reached XP level 3. HP: 33/33 MP: 3/3
   854 | D:2      | Noticed Robin
  1067 | D:2      | Killed Robin
  1068 | D:2      | Reached skill level 1 in Maces & Flails
  1171 | D:2      | Reached XP level 4. HP: 39/41 MP: 4/4
  1399 | D:2      | Found a faded altar of an unknown god.
  1940 | D:3      | Noticed Grinder
  2200 | D:4      | Found Voxiy's Antique Weapon Emporium.
  2403 | D:3      | Noticed Jessica
  2409 | D:3      | Killed Jessica
  2506 | D:4      | Reached XP level 5. HP: 47/47 MP: 5/5
  2531 | D:3      | Reached skill level 1 in Armour
  3045 | D:4      | Noticed an ogre
  3077 | D:4      | Killed an ogre
  3078 | D:4      | Reached XP level 6. HP: 29/55 MP: 6/6
  3312 | D:4      | Reached skill level 5 in Fighting
  3330 | D:5      | Entered Level 5 of the Dungeon
  3357 | D:4      | Found a snail-covered altar of Cheibriados.
  3406 | D:4      | Found Paoco's Antique Armour Shop.
  3651 | D:4      | Found Umema's Antique Weapon Boutique.
  4137 | D:5      | Reached skill level 5 in Maces & Flails
  4137 | D:5      | Reached XP level 7. HP: 61/61 MP: 7/7
  4141 | D:5      | Found a staircase to the Ecumenical Temple.
  4417 | D:5      | HP: 3/61 [poisoned by an orc wizard]
  4658 | D:5      | Became a worshipper of Beogh the Brigand
  4658 | D:5      | Reached * piety under Beogh
  4658 | D:5      | Reached ** piety under Beogh
  4801 | D:6      | Noticed Sigmund
  6642 | D:6      | Reached skill level 1 in Polearms
  6726 | D:6      | Reached skill level 1 in Shields
  6844 | D:6      | Reached XP level 8. HP: 52/70 MP: 8/8
  7119 | D:7      | Found Urpheipi's Assorted Antiques.
  7354 | D:7      | Bought a glowing black potion for 23 gold pieces
  7471 | D:8      | Noticed Maurice
  7764 | D:7      | Reached skill level 5 in Armour
  7856 | D:6      | Noticed Blork the orc
  7872 | D:6      | Killed Blork the orc
  8726 | D:6      | Killed Sigmund
  9369 | D:2      | Paralysed by Grinder for 6 turns
  9376 | D:2      | Killed Grinder
  9377 | D:2      | Reached XP level 9. HP: 72/78 MP: 9/9
 10271 | D:6      | Reached skill level 6 in Axes
 10488 | D:8      | Noticed a two-headed ogre
 10968 | D:8      | Reached skill level 5 in Shields
 11109 | D:8      | Reached skill level 7 in Axes
 11262 | D:8      | Reached skill level 1 in Invocations
 11373 | D:9      | Found a blossoming altar of Fedhas.
 11579 | D:8      | Killed Maurice
 11872 | D:8      | Reached skill level 8 in Axes
 12111 | D:8      | Reached XP level 10. HP: 84/86 MP: 12/12
 12470 | D:10     | Entered Level 10 of the Dungeon
 12491 | D:10     | HP: 1/86 [something (4)]
 12491 | D:10     | Mangled by a vampire

Illustrated notes

Levels and vault maps discovered:
D:1:      evilmike_arrival_hilbert_curve, layout_rooms
D:2:      layout_basic, dreamdust_ecumenical_altar_statues,
          minmay_misc_feat_alley, uniq_robin
D:3:      layout_loops_cross, uniq_jessica, uniq_grinder
D:4:      layout_basic, overflow_temple_1_default, serial_shops, shop, shop,
          shop, serial_curves, eino_curves_01, eino_curves_04, eino_curves_01,
          eino_curves_03, minmay_lizard_king
D:5:      layout_cave_pods, minmay_temple_entry_offerings, minmay_statues_item
D:6:      layout_basic, uniq_blork_the_orc, uniq_sigmund
D:7:      layout_basic, serial_shops, nicolae_inconvenience_store
D:8:      kennysheep_big_flooded_room, layout_rooms,
          nicolae_ossuary_entry_false_entrances, uniq_maurice
D:9:      layout_cave_pools, old_standard_altar, general_overflow_altar,
          nicolae_overflow_hallway_of_the_gods, minmay_shattered_shrine
D:10:     layout_cave_pools, serial_bayou_pond_a, uniq_harold

Skill      XL: |  1  2  3  4  5  6  7  8  9 |
---------------+----------------------------+-----
Fighting       | 4 5 6 7 |  7.2
Axes           | 5 8 |  8.0
Maces & Flails | 1 2 4 5 6 |  6.9
Stealth        | 2 |  2.5
Armour         | 2 4 5 7 |  7.1
Polearms       | 1 2 |  2.2
Shields        | 1 4 5 |  5.8
Invocations    | 3 |  3.0
Dodging        | |  2.4
Evocations     | |  0.2

Action                   |  1- 3 |  4- 6 |  7- 9 | 10-12 || total
-------------------------+-------+-------+-------+-------++-------
Melee: Hand axe          |    31 |       |       |       ||    31
       Mace              |    62 |   164 |   167 |       ||   393
       Bardiche          |       |       |    35 |       ||    35
       War axe           |       |       |   133 |     8 ||   141
Invok: Smiting           |       |       |     1 |       ||     1
       Convert to Beogh  |       |       |     1 |       ||     1
Evoke: Wand              |       |       |     6 |       ||     6
  Use: Scroll            |       |     5 |    11 |     3 ||    19
       Potion            |       |       |     8 |     1 ||     9
 Stab: Sleeping          |     1 |     1 |       |       ||     2
Armor: Robe              |    22 |       |       |       ||    22
       Leather armour    |     1 |     5 |       |       ||     6
       Chain mail        |       |    69 |   218 |    13 ||   300
       Ring mail         |       |     3 |       |       ||     3
       Skin              |       |       |    12 |       ||    12
Dodge: Dodged            |    48 |    78 |    80 |     1 ||   207
Block: Buckler           |       |     3 |     3 |       ||     6
       Tower shield      |       |       |   206 |     2 ||   208

Table legend: (Time is in decaauts)
 A = Elapsed time spent in this place.
 B = Non-inter-level travel time spent in this place.
 C = Inter-level travel time spent in this place.
 D = Time resting spent in this place.
 E = Time spent auto-exploring this place.
 F = Levels seen in this place.
 G = Mean time per level.
                   A        B        C        D        E       F      G
               +--------+--------+--------+--------+--------+-----+--------+
         Total |  12773 |  12298 |    475 |   4418 |   4318 |  10 | 1277.3 |
       Dungeon |  12773 |  12298 |    475 |   4418 |   4318 |  10 | 1277.3 |
               +--------+--------+--------+--------+--------+-----+--------+

Top non-repeatable levels by time:
     D:5: 3061 daAuts
     D:8: 1823 daAuts
     D:7: 1782 daAuts
     D:4: 1444 daAuts
     D:6: 1362 daAuts
     D:3: 1124 daAuts
     D:2: 1121 daAuts
     D:1: 965 daAuts
     D:9: 65 daAuts
    D:10: 23 daAuts
